 Dungeon Crawl Stone Soup version 0.28.0-53-g5a82cb258f (webtiles) character file.

Game seed: 12000014524501308569

103 Peloso the Covered (level 4, -7/40 HPs)
             Began as a Minotaur Fighter on May 27, 2022.
             Mangled by a mummy (13 damage)
             ... in an ossuary.
             The game lasted 00:03:22 (2333 turns).

Peloso the Covered (Minotaur Fighter)               Turns: 2333, Time: 00:03:23

Health: -7/40      AC:  9    Str: 20    XL:     4   Next: 51%
Magic:  3/3        EV:  9    Int:  5    God:
Gold:   127        SH:  5    Dex: 12    Spells: 3/3 levels left

rFire   . . .      SeeInvis .   a - +0 long sword
rCold   . . .      Faith    .   c - +0 buckler
rNeg    . . .      Spirit   .   b - +0 scale mail
rPois   .          Reflect  .   (helmet restricted)
rElec   .          Harm     .   j - +1 cloak
rCorr   .          Rampage  .   (no gloves)
Will    .....                   (no boots)
Stlth   ..........              f - amulet of regeneration
HPRegen 0.93/turn               (no ring)
MPRegen 0.08/turn               (no ring)

@: no status effects
A: horns 2, retaliatory headbutt
a: no special abilities


You were in an ossuary.
You visited 1 branch of the dungeon, and saw 4 of its levels.
You also visited: Ossuary.

You collected 127 gold pieces.

Inventory:

Hand Weapons
 a - a +0 long sword (weapon)
Missiles
 k - a throwing net (quivered)
Armour
 b - a +0 scale mail (worn)
 c - a +0 buckler (worn)
 j - a +1 cloak (worn)
Jewellery
 f - an amulet of regeneration (around neck)
Scrolls
 e - a scroll of immolation {unknown}
 g - a scroll of noise
 l - a scroll of enchant armour
Potions
 d - 2 potions of might
 h - a potion of magic {unknown}
 i - a potion of invisibility
 m - a potion of brilliance {unknown}


   Skills:
 + Level 4.2 Fighting
 + Level 4.0 Long Blades
 + Level 4.5 Armour
 + Level 0.9 Dodging
 + Level 0.1 Stealth
 + Level 4.1 Shields


You had 3 spell levels left.
You didn't know any spells.
Your spell library was empty.

Dungeon Overview and Level Annotations

Branches:
Dungeon (4/15)            Ossuary (1/1)
 Temple: D:4-7

Altars:
Sif Muna
Trog


Innate Abilities, Weirdness & Mutations

You have a pair of horns on your head.
You reflexively headbutt those who attack you in melee.


Message History

You kill the hobgoblin!
Your Long Blades skill increases to level 4!
m - an orange potion You now have 127 gold pieces (gained 12).
You see here a hobgoblin corpse.
There is an empty arch of ancient stone here.
You see here a hobgoblin corpse.
There is a sand-covered staircase here.
You can't go down here!
There is a sand-covered staircase here.
The world spins around you as you enter the gateway.
You enter an ossuary!
Found a gate leading back out of this place.
There is an empty arch of ancient stone here.
The hobgoblin zombie fails to trigger a net trap.
You slash the mummy!
The mummy is heavily damaged.
The mummy hits you!
You barely miss the mummy.
The mummy is heavily damaged.
You closely miss the mummy. You headbutt the mummy.
The mummy is heavily damaged.
You block the mummy's attack. The mummy misses you. The mummy hits you.
You barely miss the mummy.
The mummy is heavily damaged.
The mummy hits you but does no damage. The mummy closely misses you.
The mummy hits you but does no damage.
You barely miss the mummy. Your headbutt misses the mummy.
The mummy is heavily damaged.
The mummy hits you but does no damage.
You hit the mummy but do no damage.
The mummy is heavily damaged.
The mummy hits you! x2
You slash the mummy!
You destroy the mummy!
The mummy hits you!
* * * LOW HITPOINT WARNING * * *
The hobgoblin zombie closely misses you.
The mummy hits you!
You die...

#####
##...##
#.....#
#..M..#
#..M@.#
#...Z.#
#..∩..#
#.....#
#..∩..#
#.....#
#.....#
#^^.^^#
.......


You could see 2 mummies and a hobgoblin zombie.

Vanquished Creatures
  A mummy (Ossuary)
  A gnoll (D:1)
  2 adders (D:3)
  A worm (D:4)
  An orc (D:3)
  A bat (D:2)
  4 endoplasms
  3 giant cockroaches
  8 goblins
  4 hobgoblins
  9 jackals
  13 kobolds
  2 quokkas (D:1)
  5 ball pythons
  7 frilled lizards
  5 rats
67 creatures vanquished.

Notes
Turn   | Place    | Note
-------+----------+-------------------------------------------
     0 | D:1      | Peloso the Minotaur Fighter began the quest for the Orb.
     0 | D:1      | Reached XP level 1. HP: 19/19 MP: 0/0
   244 | D:1      | Reached XP level 2. HP: 27/27 MP: 1/1
   319 | D:1      | Reached XP level 3. HP: 18/33 MP: 2/2
  1400 | D:2      | Found a faded altar of an unknown god.
  1775 | D:3      | Reached XP level 4. HP: 40/40 MP: 3/3
  1948 | D:3      | Found a bloodstained altar of Trog.
  2116 | D:3      | Found a shimmering blue altar of Sif Muna.
  2303 | D:4      | Found a sand-covered staircase.
  2324 | Ossuary  | Entered an ossuary
  2333 | Ossuary  | Mangled by a mummy

Illustrated notes

Levels and vault maps discovered:
D:1:      lightli_arrival_windingriver, layout_basic, minmay_tetromino_t4
D:2:      layout_basic, basic_ecumenical_altar, guppyfry_early_lair_pool
D:3:      layout_rooms, mainiacjoe_overflow_paths, trog_hazing_becter,
          st_stairs_9, hangedman_feature_mirror
D:4:      cheibrodos_thug_alley, layout_layer_cave, jmf_multi_god_temple2,
          minmay_temple_entry_drinking_statues, chequers_ossuary_entry_cave,
          gammafunk_ghost_nasty_kobolds, serial_bayou_pond_b, uniq_duvessa
Ossuary:  ossuary_the_hunt_dpeg

Skill      XL: |  1  2  3  4 |
---------------+-------------+-----
Armour         | 4 |  4.5
Fighting       | 4 |  4.2
Shields        | 4 |  4.1
Long Blades    | 3 4 |  4.0
Dodging        | |  0.9
Stealth        | |  0.1

Action                   |  1- 3 |  4- 6 || total
-------------------------+-------+-------++-------
Melee: Long sword        |   102 |    52 ||   154
       Headbutt          |    11 |     3 ||    14
  Use: Scroll            |     3 |       ||     3
Armor: Scale mail        |    69 |    30 ||    99
Dodge: Dodged            |    64 |    29 ||    93
Block: Buckler           |    29 |    15 ||    44
